 Dungeon Crawl Stone Soup version 0.21-a0-529-g8c7b3f5 (webtiles) character file.

84 Gildeon the Slasher (level 4, -1/37 HPs)
             Began as a Demigod Fighter on Dec 11, 2017.
             Slain by a gnoll
             ... wielding a +0 spear
              (6 damage)
             ... on level 2 of the Dungeon.
             The game lasted 00:04:52 (1270 turns).

Gildeon the Slasher (Demigod Fighter)               Turns: 1270, Time: 00:04:52

Health: -1/37      AC:  6    Str: 21    XL:     4   Next: 4%
Magic:  0/6        EV:  9    Int: 12    God:
Gold:   66         SH:  0    Dex: 15    Spells: 3/3 levels left

rFire    . . .     SeeInvis .   a - +2 long sword
rCold    . . .     Gourm    .   (no shield)
rNeg     . . .     Faith    .   b - +0 scale mail
rPois    .         Spirit   +   (no helmet)
rElec    .         Reflect  .   (no cloak)
rCorr    .         Harm     .   (no gloves)
MR       .....                  (no boots)
Stlth    ..........             k - amulet of guardian spirit
HPRegen  0.12/turn              (no ring)
MPRegen  0.10/turn              (no ring)

@: no status effects
A: high mp 1
a: no special abilities


You were on level 2 of the Dungeon.
You were not hungry.

You visited 1 branch of the dungeon, and saw 2 of its levels.

You collected 66 gold pieces.

Inventory:

Hand Weapons
 a - a +2 long sword (weapon)
 p - a +0 halberd
Missiles
 g - 5 tomahawks (quivered)
 l - 39 arrows
Armour
 b - a +0 scale mail (worn)
 c - a +0 shield
 j - a +0 ring mail
Jewellery
 k - an amulet of guardian spirit (around neck)
Scrolls
 o - a scroll of identify
Potions
 d - 2 potions of might
 e - a potion of curing {unknown}
 i - a potion of heal wounds {unknown}
Comestibles
 f - 4 chunks of flesh
 h - a royal jelly
 m - a meat ration
 n - 3 fruits


   Skills:
 - Level 2.6 Fighting
 + Level 4.1 Long Blades
 - Level 2.6 Armour
 - Level 2.6 Shields


You had 3 spell levels left.
You didn't know any spells.

Dungeon Overview and Level Annotations

Branches:
Dungeon (2/15)


Innate Abilities, Weirdness & Mutations

You have an increased reservoir of magic. (+10% MP)


Message History

The gnoll is heavily wounded.
The gnoll hits you from afar with a spear.
The gnoll barely misses you.
The gnoll hits you from afar with a spear.
You hit the gnoll.
The gnoll is severely wounded.
The gnoll hits you. The gnoll hits you but does no damage.
You hit the gnoll.
The gnoll is almost dead.
The gnoll barely misses you.
You riposte.
You hit the gnoll but do no damage.
The gnoll is almost dead.
The gnoll hits you from afar with a spear.
* * * LOW HITPOINT WARNING * * *
You slash the gnoll!
You kill the gnoll!
You have reached level 4!
The gnoll hits you from afar with a spear!
* * * LOW HITPOINT WARNING * * *
The gnoll hits you with a spear.
You die...

.................)......#*,,,,,,*
.........#).............#*,****,*
..#####.###...###.......#*,****,*
....,*#.##..#.# #..(....#*,*,,,,*
.⌠.⌠.##.##.)..# #########*,*,**,*
.._..##.......# *****,,,,,,*
.⌠.⌠######.#######****,,,,,,,****
...##* #.......#*,,,,,,,****
....,* #.#...#@#*,**,**,* *,,,,*
#.#.....g.....#*,*
,,*,,****#.....#.##.####*,*
,,,,,,,,....####.#*,..,,,,*
*,,,,,**##.#***#.#***##****
,**,,,***#).,,,..#
,******,,..,,**### ,* *,**,*,* ,*
*,**,*,*


You could see a gnoll.

Vanquished Creatures
  2 gnolls (D:2)
  An adder (D:2)
  A shadow imp (D:2)
  2 dart slugs (D:2)
  A leopard gecko (D:2)
  4 giant cockroaches (D:1)
  3 goblins
  4 hobgoblins
  10 bats
  8 frilled lizards
  6 kobolds
  3 rats
45 creatures vanquished.

Notes
Turn   | Place    | Note
-------+----------+-------------------------------------------
     0 | D:1      | Gildeon the Demigod Fighter began the quest for the Orb.
     0 | D:1      | Reached XP level 1. HP: 18/18 MP: 3/3
   191 | D:1      | Reached skill level 2 in Long Blades
   361 | D:1      | Reached XP level 2. HP: 25/25 MP: 4/4
   473 | D:1      | Reached skill level 3 in Long Blades
  1114 | D:2      | Reached XP level 3. HP: 30/30 MP: 5/5
  1143 | D:2      | Found an ancient bone altar of Kikubaaqudgha.
  1186 | D:2      | Found a sparkling altar of Nemelex Xobeh.
  1256 | D:2      | Reached skill level 4 in Long Blades
  1269 | D:2      | Reached XP level 4. HP: 10/37 MP: 1/6
  1270 | D:2      | Slain by a gnoll

Vault maps used:
D:1:      minmay_arrival_split_and_join, minmay_crystal_room
D:2:      nemelex_xobeh_ov_fountains_minmay, marbit_many_paths,
          uniq_crazy_yiuf_cottage

Skill      XL: |  1  2  3 |
---------------+----------+-----
Long Blades    | 2 3 4 |  4.1
Fighting       | |  2.6
Armour         | |  2.6
Shields        | |  2.6

Action                   |  1- 3 |  4- 6 || total
-------------------------+-------+-------++-------
Melee: Long sword        |   110 |       ||   110
Throw: Tomahawk          |     3 |       ||     3
  Use: Scroll            |     6 |       ||     6
  Eat: Bread ration      |     1 |       ||     1
Armor: Scale mail        |    66 |       ||    66
Dodge: Dodged            |    75 |       ||    75
       Rpst.: Long sword |    26 |       ||    26

Table legend:
 A = Spawn XP
 B = Non-spawn XP
 C = Spawn XP percentage of total XP
 D = Spawn monster count
 E = Non-spawn monster count
 F = Spawn count percentage of total count
 G = Total turns spent on level
                    A         B        C        D         E        F      G
               +---------+---------+-------+---------+---------+-------+---------
         Total |       0 |     121 |   0.0 |       0 |      45 |   0.0 |  1270
               +---------+---------+-------+---------+---------+-------+---------
           D:1 |       0 |      39 |   0.0 |       0 |      25 |   0.0 |  1040
           D:2 |       0 |      82 |   0.0 |       0 |      20 |   0.0 |   230
               +---------+---------+-------+---------+---------+-------+---------
